 Dungeon Crawl Stone Soup version 0.21-a0-401-g0b6bec4 (webtiles) character file.

319 zero the Chopper (level 6, 0/39 HPs)
             Began as a Gargoyle Berserker on Oct 24, 2017.
             Was a Believer of Trog.
             Killed by divine providence
             ... invoked by an orc priest
              (9 damage)
             ... on level 5 of the Dungeon.
             The game lasted 00:02:23 (958 turns).

zero the Chopper (Gargoyle Berserker)                Turns: 958, Time: 00:02:24

Health: 0/39       AC: 13    Str: 22    XL:     6   Next: 46%
Magic:  6/6        EV:  8    Int:  8    God:    Trog [**....]
Gold:   29         SH:  0    Dex:  9    Spells: 5/5 levels left

rFire    . . .     SeeInvis .   a - +0 hand axe
rCold    . . .     Gourm    .   (no shield)
rNeg     + . .     Faith    .   j - +0 chain mail
rPois    ∞         Spirit   .   (no helmet)
rElec    +         Reflect  .   (no cloak)
rCorr    .         Harm     .   (no gloves)
MR       .....                  (no boots)
Stlth    ..........             (no amulet)
HPRegen  0.13/turn              (no ring)
MPRegen  0.10/turn              (no ring)

@: berserk cooldown, slowed, very slow
A: negative energy resistance 1, electricity resistance, unbreathing,
petrification resistance, rot immunity, AC +4
a: Berserk, Trog's Hand, Burn Spellbooks, Renounce Religion


You were on level 5 of the Dungeon.
You worshipped Trog.
Trog was pleased with you.
You were not hungry.

You visited 1 branch of the dungeon, and saw 5 of its levels.

You collected 29 gold pieces.

Inventory:

Hand Weapons
 a - a +0 hand axe (weapon)
Armour
 j - a +0 chain mail (worn)
Scrolls
 e - 3 scrolls of teleportation {unknown}
 f - a scroll of recharging {unknown}
 g - a scroll of immolation {unknown}
 i - a scroll of remove curse {unknown}
Potions
 d - a potion of cancellation {unknown}
Comestibles
 c - a bread ration


   Skills:
 + Level 4.7 Fighting
 * Level 4.9 Axes
 + Level 4.0 Armour
 - Level 1.5 Dodging


You had 5 spell levels left.
You didn't know any spells.

Dungeon Overview and Level Annotations

Branches:
Dungeon (5/15)
 Temple: D:4-7

Altars:


Innate Abilities, Weirdness & Mutations

You are resistant to torment.
Your stone body is resilient. (AC +4)
You are immune to poison.
You resist negative energy. (rN+)
You are resistant to electric shocks. (rElec)
You can survive without breathing.
You are immune to petrification.
You are immune to rotting.


Message History

You hear a shout!
The hound barely misses you. The hound closely misses you.
You closely miss the hound.
The hound is heavily wounded.
The hound bites you but does no damage. x3
You hit the hound.
The hound is heavily wounded.
The hound bites you but does no damage. x2
An orc comes into view.
You closely miss the hound.
The hound is heavily wounded.
The orc shouts!
The hound closely misses you. x2
The orc priest casts a cantrip, but nothing happens.
An orc comes into view. It is wielding a flail.
You eat one of the 2 bread rations.
That bread ration really hit the spot!
The hound bites you but does no damage. x2
The orc priest calls down the wrath of Beogh upon you.
Beogh smites you!
You die...

###.########
#.oooh@....#
#.#.######.###########
#...........#
###########.# #<# #.#
#.# #.# #.#


You could see a hound, an orc priest and 2 orcs.

Vanquished Creatures
  Grinder (D:4)
  2 orc priests (D:5)
  An adder (D:3)
  An ooze (D:1)
  A leopard gecko (D:4)
  8 orcs
  5 bats
  7 hobgoblins
  A frilled lizard (D:4)
  8 kobolds
  2 rats (D:1)
37 creatures vanquished.

Notes
Turn   | Place    | Note
-------+----------+-------------------------------------------
     0 | D:1      | zero the Gargoyle Berserker began the quest for the Orb.
     0 | D:1      | Reached XP level 1. HP: 14/14 MP: 1/1
    65 | D:1      | Reached XP level 2. HP: 14/19 MP: 2/2
   340 | D:2      | Reached XP level 3. HP: 19/23 MP: 3/3
   344 | D:2      | Reached ** piety under Trog
   671 | D:4      | Noticed Grinder
   683 | D:4      | Killed Grinder
   683 | D:4      | Reached XP level 4. HP: 29/30 MP: 4/4
   683 | D:4      | Reached XP level 5. HP: 33/34 MP: 5/5
   683 | D:4      | Reached XP level 6. HP: 38/39 MP: 6/6
   914 | D:5      | Entered Level 5 of the Dungeon
   958 | D:5      | Killed from afar by an orc priest

Vault maps used:
D:1:      saegor_arrival_simple_f
D:2:      kennysheep_ying_yang, grunt_temple_overflow_open,
          minmay_misc_feat_cross
D:3:      lemuel_upstairs_altar, minmay_misc_feat_plants, minmay_misc_feat_chi,
          minmay_unequal
D:4:      first_bread, uniq_pikel, uniq_grinder
D:5:      serial_shops, shop

Skill      XL: |  1  2  3  4  5  6 |
---------------+-------------------+-----
Axes           | 3 4 |  4.9
Fighting       | 4 |  4.7
Armour         | 3 4 |  4.0
Dodging        | |  1.5

Action                   |  1- 3 |  4- 6 || total
-------------------------+-------+-------++-------
Melee: Hand axe          |    86 |    36 ||   122
Invok: Berserk           |     1 |     1 ||     2
       Trog's Hand       |       |     1 ||     1
  Eat: Bread ration      |       |     1 ||     1
       Chunk             |       |     1 ||     1
Armor: Animal skin       |    31 |     3 ||    34
       Chain mail        |       |    23 ||    23
Dodge: Dodged            |    70 |    18 ||    88

Table legend:
 A = Spawn XP
 B = Non-spawn XP
 C = Spawn XP percentage of total XP
 D = Spawn monster count
 E = Non-spawn monster count
 F = Spawn count percentage of total count
 G = Total turns spent on level
                    A         B        C        D         E        F      G
               +---------+---------+-------+---------+---------+-------+---------
         Total |       0 |     457 |   0.0 |       0 |      37 |   0.0 |   958
               +---------+---------+-------+---------+---------+-------+---------
           D:1 |       0 |      25 |   0.0 |       0 |      13 |   0.0 |   307
           D:2 |       0 |      15 |   0.0 |       0 |       9 |   0.0 |   136
           D:3 |       0 |      15 |   0.0 |       0 |       2 |   0.0 |   223
           D:4 |       0 |     309 |   0.0 |       0 |       8 |   0.0 |   248
           D:5 |       0 |      93 |   0.0 |       0 |       5 |   0.0 |    44
               +---------+---------+-------+---------+---------+-------+---------
